cohdb
Replays
Latest Replays
All Replays
Popular Replays
Top Player Replays
Match Explorer
How It Works
Community
CoH3 Stats
Reddit
Sign in to upload your games and track your stats! →
Sign in with Steam
Match 41639583
Unlisted
Match 41639583
Overview
Messages
Build Orders
End
Royal Engineer Section
Construct Section Command Post
Selects Heavy Armor Battlegroup
Dingo Light Scout Car
Infantry Section
Infantry Section
Selects Rigorous Vehicle Training
Infantry Section
Construct Field Infirmary
Royal Engineer Section
Kitsuné
( _ )
0
0
Comments
sign in to comment!
No comments posted yet!